AoeStats
← CHRISTO LE ROI8

Arena

510392974Analyzed
1v1 RM · 1d ago on Sep 30, 2026· 33m 34s· 2 players
Game mode
Random Map
Map size
Tiny (2 player)
Population
200
Speed
Normal
Resources
Standard
Victory
Conquest
Starting age
Dark Age
Ending age
Imperial Age
RankedLock teamsTeams togetherTeam positionsShared explorationLock speedFull tech treeHidden civsTurbo modeCheats
Victory
Defeat
🇲🇽 Turks · Mexico
1000
+16
🇫🇷 Romans · France
990
-16
CHRISTO LE ROI8
11:28 Feudal Age
12:23 Double-Bit Axe
12:21 Horse Collar
16:24 Wheelbarrow
16:33 Stone Mining
16:37 Gold Mining
17:03 Bloodlines
19:15 Castle Age
18:10 Forging
19:36 Bloodlines
20:19 Scale Barding Armor
21:31 Heavy Plow
22:28 Bow Saw
24:53 Pikeman
25:34 Squires
27:15 Hand Cart
31:47 Imperial Age
30:27 Gold Shaft Mining
29:58 Scale Mail Armor
32:26 Ballistics
32:17 Ballistas
31:56 Cavalier
33:37 Husbandry
33:16 Heavy Scorpion
Willycruyff
11:24 Feudal Age
13:18 Double-Bit Axe
15:55 Castle Age
14:04 Gold Mining
15:58 Horse Collar
20:07 Gold Shaft Mining
25:33 Imperial Age
25:41 Imperial Age
24:33 Redemption
24:28 Padded Archer Armor
24:34 Scale Barding Armor
26:14 Husbandry
26:23 Devotion
27:27 Wheelbarrow
29:49 Heavy Camel Rider
32:42 Bloodlines
32:57 Chain Barding Armor
Connection lost

Rejoining the realm…

Still unreachable

The connection could not be restored.

Session expired

The server has moved on; the page needs a fresh start.